 Dungeon Crawl Stone Soup version 0.26-b1-32-g5d43845318 (webtiles) character file.

Game seed: 10790669633491589859

115 Aviak the Skirmisher (level 5, 0/33 HPs)
             Began as a Tengu Abyssal Knight on Jan 12, 2021.
             Was a Believer of Lugonu.
             Slain by Grinder (6 damage)
             ... while paralysed by Grinder
             ... on level 3 of the Dungeon.
             The game lasted 00:02:55 (2253 turns).

Aviak the Skirmisher (Tengu Abyssal Knight)         Turns: 2253, Time: 00:02:55

Health: 0/33       AC:  5    Str: 12    XL:     5   Next: 0%
Magic:  4/7        EV:  2    Int: 12    God:    Lugonu [**....]
Gold:   125        SH:  0    Dex: 15    Spells: 4/4 levels left

rFire    + . .     SeeInvis .   p - +0 broad axe
rCold    + . .     Faith    .   (no shield)
rNeg     . . .     Spirit   .   g - +0 ring mail
rPois    +         Reflect  .   (helmet restricted)
rElec    +         Harm     .   (no cloak)
rCorr    +         Rampage  .   (no gloves)
Will     .....                  (boots unavailable)
Stlth    +.........             h - amulet of the acrobat
HPRegen  0.11/turn              E - +4 ring of evasion
MPRegen  0.10/turn              q - ring of resist corrosion

@: paralysed, brilliant, resistant, flying quickly and evasively, quick
A: beak, talons 3, able to fly
a: Renounce Religion, Depart the Abyss, Bend Space


You were on level 3 of the Dungeon.
You worshipped Lugonu.
Lugonu was pleased with you.
You visited 1 branch of the dungeon, and saw 3 of its levels.
You visited the Abyss 1 time.

You collected 125 gold pieces.

Inventory:

Hand Weapons
 a - a +1 spear
 p - a +0 broad axe (weapon)
Armour
 b - a +0 leather armour
 g - a +0 ring mail (worn)
Jewellery
 h - an amulet of the acrobat (around neck)
 l - an uncursed ring of magical power
 q - a ring of resist corrosion (right hand)
 E - a +4 ring of evasion (left hand)
Scrolls
 c - a scroll of enchant armour {unknown}
 d - a scroll of identify {unknown}
 e - a scroll of teleportation {unknown}
 f - 2 scrolls of magic mapping {unknown}
 n - 2 scrolls of fog {unknown}
Potions
 k - a potion of berserk rage {unknown}
 o - a potion of might {unknown}


   Skills:
 + Level 4.0 Fighting
 + Level 1.5(2.4) Axes
 - Level 3.0(3.2) Polearms
 - Level 2.1 Armour
 + Level 3.0 Dodging
 - Level 1.5 Invocations


You had 4 spell levels left.
You didn't know any spells.
Your spell library was empty.

Dungeon Overview and Level Annotations

Branches:
Dungeon (3/15)

Altars:
Elyvilon
Kikubaaqudgha
Uskayaw
Vehumet
Wu Jian
Xom

Annotations:
D:3 Grinder


Innate Abilities, Weirdness & Mutations

You have a beak for a mouth.
You have claws for feet.
You can fly continuously.


Message History

You have gained the ability to fly.
You swoop lightly up into the air.
You feel very comfortable in the air. Grinder closely misses you.
You slash Grinder! You claw Grinder! Your peck misses Grinder.
Grinder is severely wounded.
Grinder hits you. Grinder barely misses you.
You closely miss Grinder. You claw Grinder, but do no damage.
Grinder is severely wounded.
Grinder gestures at you. You resist with significant effort.
Grinder gestures at you.
You suddenly lose the ability to move!
Grinder hits you but does no damage. Grinder gestures at you.
Pain shoots through your body!
* * * LOW HITPOINT WARNING * * *
Grinder says, "Mostly I couldn't keep them alive."
Grinder hits you but does no damage. Grinder hits you.
You die...

.....# ...... ....# .
#...# #.. .#####...
.... ........##.....
..........o....
#######5##..... #@#
... #.## . #..# ##.##
#..# #######(# ###
#.####.....#.##.....
#.##.............#
#.#.##.#(....##.#.....


You could see Grinder.

Vanquished Creatures
  3 adders (D:2)
  A worm (D:2)
  3 dart slugs
  3 leopard geckos
  6 orcs (D:3)
  11 bats
  A giant cockroach (D:2)
  7 goblins
  5 hobgoblins
  8 jackals (D:2)
  9 kobolds
  A quokka (D:2)
  2 ball pythons
  4 frilled lizards
  3 rats
67 creatures vanquished.

Notes
Turn   | Place    | Note
-------+----------+-------------------------------------------
     0 | Abyss:1  | Aviak the Tengu Abyssal Knight began the quest for the Orb.
     0 | Abyss:1  | Reached XP level 1. HP: 14/14 MP: 3/3
    34 | D:1      | Escaped the Abyss
   131 | D:1      | Reached XP level 2. HP: 11/19 MP: 4/4
   914 | D:2      | Reached XP level 3. HP: 23/23 MP: 5/5
  1137 | D:2      | Reached ** piety under Lugonu
  1387 | D:2      | Reached XP level 4. HP: 24/28 MP: 6/6
  1660 | D:2      | Found a white marble altar of Elyvilon.
  1665 | D:2      | Reached skill level 1 in Axes
  1855 | D:2      | Found a radiant altar of Vehumet.
  1857 | D:2      | Found a hide-covered altar of Uskayaw.
  1857 | D:2      | Found a shimmering blue altar of Sif Muna.
  1859 | D:2      | Found an ancient bone altar of Kikubaaqudgha.
  1859 | D:2      | Found an ornate altar of the Wu Jian Council.
  1859 | D:2      | Found a shimmering altar of Xom.
  2221 | D:3      | Noticed Grinder
  2247 | D:3      | Reached skill level 4 in Fighting
  2247 | D:3      | Gained mutation: You can fly continuously. [Tengu growth]
  2247 | D:3      | Reached XP level 5. HP: 21/33 MP: 7/7
  2249 | D:3      | Paralysed by Grinder for 7 turns
  2253 | D:3      | Slain by Grinder

Illustrated notes

Levels and vault maps discovered:
D:1:      sevenhm_arrival_forest_fort_large_4, layout_basic, serial_glass,
          glass_columns_a, glass_columns_a, glass_columns_a, glass_columns_a,
          glass_columns_a, glass_columns_c, glass_columns_c, glass_columns_a,
          glass_columns_c, glass_columns_b, glass_columns_b, glass_columns_a,
          glass_columns_b, glass_columns_c, item_on_display_a,
          minmay_strange_pillars, item_on_display_a, minmay_strange_pillars,
          minmay_box_of_dots
D:2:      layout_loops_corners, doesnt_xom_only_xom, elyvilon_altar_5,
          minmay_ruptured
D:3:      layout_basic, uniq_jessica, uniq_grinder, uniq_crazy_yiuf_cottage

Skill      XL: |  1  2  3  4 |
---------------+-------------+-----
Dodging        | 2 3 |  3.0
Polearms       | 3 |  3.0
Axes           | 1 |  1.5
Fighting       | 4 |  4.0
Armour         | |  2.1
Invocations    | |  1.5

Action                   |  1- 3 |  4- 6 || total
-------------------------+-------+-------++-------
Melee: Spear             |    74 |       ||    74
       Kick              |    15 |    17 ||    32
       Peck              |     9 |     7 ||    16
       Broad axe         |    12 |    70 ||    82
 Abil: Fly               |       |     1 ||     1
  Use: Potion            |       |     4 ||     4
Armor: Leather armour    |     4 |       ||     4
       Ring mail         |     9 |    22 ||    31
Dodge: Dodged            |    60 |    87 ||   147
